 Dungeon Crawl Stone Soup version 0.28.0-53-g5a82cb258f (webtiles) character file.

Game seed: 10013029637713964393

9 fuccboisucc420 the Charlatan (level 2, 0/21 HPs)
             Began as a Demonspawn Artificer on July 19, 2022.
             Slain by a hobgoblin (3 damage)
             ... on level 1 of the Dungeon.
             The game lasted 00:00:50 (84 turns).

fuccboisucc420 the Charlatan (Demonspawn Artificer)   Turns: 84, Time: 00:00:51

Health: 0/21       AC:  3    Str: 12    XL:     2   Next: 6%
Magic:  2/2        EV: 11    Int: 14    God:
Gold:   18         SH:  0    Dex: 13    Spells: 1/1 levels left

rFire   . . .      SeeInvis .   a - +0 club
rCold   . . .      Faith    .   (no shield)
rNeg    . . .      Spirit   .   b - +0 leather armour
rPois   .          Reflect  .   (no helmet)
rElec   .          Harm     .   (no cloak)
rCorr   .          Rampage  .   (no gloves)
Will    .....                   (no boots)
Stlth   +.........              (no amulet)
HPRegen 0.07/turn               (no ring)
MPRegen 0.08/turn               (no ring)

@: no status effects
A: big brain 1
a: no special abilities


You were on level 1 of the Dungeon.
You visited 1 branch of the dungeon, and saw 1 of its levels.

You collected 18 gold pieces.

Inventory:

Hand Weapons
 a - a +0 club (weapon)
Armour
 b - a +0 leather armour (worn)
Wands
 c - a wand of flame (7) (quivered)
 d - a wand of charming (15)
Miscellaneous
 e - a piece from Xom's chessboard (15/15)


   Skills:
 + Level 1.0 Fighting
 + Level 2.0 Armour
 + Level 1.0 Dodging
 + Level 0.8 Stealth
 + Level 3.3 Evocations


You had one spell level left.
You didn't know any spells.
Your spell library was empty.

Dungeon Overview and Level Annotations

Branches:
Dungeon (1/15)

Altars:


Innate Abilities, Weirdness & Mutations

You have an unusually large brain. (Int +2)


Message History

You closely miss the kobold. The kobold barely misses you.
The hobgoblin shouts!
You hit the kobold.
The kobold is moderately wounded.
You hear a shout!
The kobold hits you but does no damage.
You hit the kobold.
You kill the kobold!
The hobgoblin completely misses you.
Things that are here:
a +0 short sword; 2 stones; a kobold corpse The hobgoblin barely misses you.
You hit the hobgoblin but do no damage. The hobgoblin hits you.
The hobgoblin hits you but does no damage.
The hobgoblin misses you.
You barely miss the hobgoblin. The hobgoblin hits you. x3
You barely miss the hobgoblin.
The hobgoblin hits you but does no damage.
The hobgoblin misses you.
You hit the hobgoblin.
The hobgoblin is severely wounded.
The hobgoblin hits you. The hobgoblin barely misses you.
You hit the hobgoblin but do no damage.
The hobgoblin is severely wounded.
The hobgoblin hits you. The hobgoblin closely misses you.
The hobgoblin hits you but does no damage.
The hobgoblin closely misses you.
You hit the hobgoblin but do no damage.
The hobgoblin is severely wounded.
The hobgoblin hits you.
* * * LOW HITPOINT WARNING * * *
The hobgoblin hits you.
* * * LOW HITPOINT WARNING * * *
You closely miss the hobgoblin.
The hobgoblin is severely wounded.
The hobgoblin closely misses you. The hobgoblin barely misses you.
You hit the hobgoblin.
The hobgoblin is almost dead.
The hobgoblin closely misses you. The hobgoblin hits you.
You die...

#.......
#.......
#.......
....#.# .....##
#....# #.g.#
#.@g#
#.).#########
###..##.....#
#†.##.....#
#...#.....#
#...#.....##
##..........##
##....#.......#
#.....#.......#


You could see 2 hobgoblins.

Vanquished Creatures
  A giant cockroach (D:1)
  A goblin (D:1)
  3 hobgoblins (D:1)
  2 ball pythons (D:1)
  A frilled lizard (D:1)
  A kobold (D:1)
9 creatures vanquished.

Notes
Turn   | Place    | Note
-------+----------+-------------------------------------------
     0 | D:1      | fuccboisucc420 the Demonspawn Artificer began the quest for
                  | the Orb.
     0 | D:1      | Reached XP level 1. HP: 15/15 MP: 1/1
    69 | D:1      | Reached skill level 1 in Dodging
    70 | D:1      | Gained mutation: You have an unusually large brain. (Int
                  | +2) [demonic ancestry]
    70 | D:1      | Reached XP level 2. HP: 21/21 MP: 2/2
    84 | D:1      | Slain by a hobgoblin

Illustrated notes

Levels and vault maps discovered:
D:1:      lemuel_arrival_broad_hall, layout_rooms,
          shapermc_ecumenical_altar_petra

Skill      XL: |  1 |
---------------+----+-----
Armour         | 2 |  2.0
Dodging        | 1 |  1.0
Fighting       | |  1.0
Stealth        | |  0.8
Evocations     | |  3.3

Action                   || total
-------------------------++-------
Melee: Club              ||    11
Evoke: Wand              ||     8
Armor: Leather armour    ||     5
Dodge: Dodged            ||    14
